3AA
FT. POLK SOUTH THUNDER HAWKS @ WESTWOOD SIXSHOOTERS
09/16/2026
 
TOP OF THE 1ST
Ft. Polk South Thunder Hawks batting - Pitching for Westwood Sixshooters : RHP Tye Collyer
Pitching: RHP Tye Collyer
Batting: RHB Jorge Flores 0-0: Fly out, F9 (Flyball, 89D)
Batting: RHB Augusto Escobar 0-0: Fly out, F8 (Flyball, 8RM)
Batting: RHB Peter Agulera 0-0: Called Strike
0-1: Ball
1-1: Ball
2-1: Foul Ball, location: 2F
2-2: Foul Ball, location: 2F
2-2: Foul Ball, location: 2F
2-2: Strikes out looking
Top of the 1st over - 0 run(s), 0 hit(s), 0 error(s), 0 left on base; Ft. Polk South 0 - Westwood 0
BOTTOM OF THE 1ST
Westwood Sixshooters batting - Pitching for Ft. Polk South Thunder Hawks : RHP Eduardo Romero
Pitching: RHP Eduardo Romero
Batting: RHB Jesús Vargas 0-0: Ball
1-0: Called Strike
1-1: Ball
2-1: Ground out 6-3 (Groundball, 6)
Batting: LHB José Barrón 0-0: Ball
1-0: Ball
2-0: Ball
3-0: Called Strike
3-1: Called Strike
3-2: Foul Ball, location: 2F
3-2: Foul Ball, location: 2F
3-2: Fly out, F7 (Flyball, 78M)
Batting: RHB José Carlos Pérez 0-0: Ball
1-0: Called Strike
1-1: Called Strike
1-2: SINGLE (Groundball, 34D)
Batting: RHB Mark Bishop 0-0: Called Strike
0-1: Ball
1-1: Ball
2-1: Swinging Strike
2-2: Fly out, F4 (Flyball, 3D)
Bottom of the 1st over - 0 run(s), 1 hit(s), 0 error(s), 1 left on base; Ft. Polk South 0 - Westwood 0
TOP OF THE 2ND
Ft. Polk South Thunder Hawks batting - Pitching for Westwood Sixshooters : RHP Tye Collyer
Batting: RHB José Morín 0-0: Ball
1-0: Ground out 5-3 (Groundball, 56S)
Batting: RHB Walt Shelton 0-0: Ball
1-0: Ball
2-0: Ball
3-0: Base on Balls
Batting: RHB Sacha Nieuwenburg 0-0: Hit by Pitch
Walt Shelton to second
Batting: RHB David Phipps 0-0: Ball
1-0: Foul Ball, location: 2F
1-1: Ball
2-1: Ball
3-1: Base on Balls
Walt Shelton to third
Sacha Nieuwenburg to second
Batting: RHB Jim Unknown 0-0: Ball
1-0: Called Strike
1-1: Ball
2-1: Fly out, F7 (Flyball, 78D)
Runner from 3rd tags up, SCORES, no throw
Batting: RHB Pedro Méndez 0-0: Called Strike
0-1: Ball
1-1: SINGLE (Line Drive, 78M)
Sacha Nieuwenburg to third
David Phipps to second
Runner from 3rd tries for Home, SAFE, no throw
Batting: RHB Jorge Flores 0-0: Ball
1-0: Ball
2-0: Ball
3-0: Base on Balls
David Phipps to third
Pedro Méndez to second
Batting: RHB Augusto Escobar 0-0: Ball
1-0: Ball
2-0: Foul Ball, location: 2F
2-1: Called Strike
2-2: SINGLE (Flyball, 4D)
David Phipps scores
Pedro Méndez to third
Jorge Flores to second
Runner from 3rd tries for Home, SAFE, no throw
Batting: RHB Peter Agulera 0-0: Called Strike
0-1: Ball
1-1: Ball
2-1: Swinging Strike
2-2: Foul Ball, location: 2F
2-2: Fielders Choice at 2nd, 5-4 (Groundball, 56)
Top of the 2nd over - 4 run(s), 2 hit(s), 0 error(s), 1 left on base; Ft. Polk South 4 - Westwood 0
BOTTOM OF THE 2ND
Westwood Sixshooters batting - Pitching for Ft. Polk South Thunder Hawks : RHP Eduardo Romero
Batting: SHB Bob Rogers 0-0: Called Strike
0-1: Foul Ball, location: 2F
0-2: Strikes out swinging
Batting: RHB Edgar González 0-0: Foul Ball, location: 2F
0-1: Ball
1-1: Swinging Strike
1-2: Ball
2-2: Fly out, F8 (Flyball, 8LS)
Batting: RHB Winston Sparks 0-0: Foul Ball, location: 2F
0-1: Swinging Strike
0-2: Strikes out swinging
Bottom of the 2nd over - 0 run(s), 0 hit(s), 0 error(s), 0 left on base; Ft. Polk South 4 - Westwood 0
TOP OF THE 3RD
Ft. Polk South Thunder Hawks batting - Pitching for Westwood Sixshooters : RHP Tye Collyer
Batting: RHB José Morín 0-0: Ground out 5-3 (Groundball, 56S)
Batting: RHB Walt Shelton 0-0: Ball
1-0: Foul Ball, location: 2F
1-1: Foul Ball, location: 2F
1-2: Ball
2-2: Ball
3-2: Strikes out looking and he ARGUES THE CALL AND IS TOSSED!
Batting: RHB Sacha Nieuwenburg 0-0: Called Strike
0-1: Ball
1-1: Swinging Strike
1-2: Foul Ball, location: 2F
1-2: Strikes out looking
Top of the 3rd over - 0 run(s), 0 hit(s), 0 error(s), 0 left on base; Ft. Polk South 4 - Westwood 0
BOTTOM OF THE 3RD
Westwood Sixshooters batting - Pitching for Ft. Polk South Thunder Hawks : RHP Eduardo Romero
Now in CF: Fernando Pérez
Batting: SHB Ramón García 0-0: Ball
1-0: Fly out, F6 (Popup, 6D)
Batting: RHB Nick Hoskins 0-0: Ball
1-0: Ground out 4-3 (Groundball, 4)
Batting: RHB Jesús Vargas 0-0: Ball
1-0: Ball
2-0: Foul Ball, location: 2F
2-1: Foul Ball, location: 2F
2-2: Ball
3-2: SOLO HOME RUN (Flyball, 7D), Distance : 394 ft
Batting: LHB José Barrón 0-0: SINGLE (Line Drive, 6)
Batting: RHB José Carlos Pérez 0-0: SINGLE (Flyball, 89S)
José Barrón to second
Runner from 2nd tries for 3rd, SAFE, no throw
Batting: RHB Mark Bishop 0-0: Ball
1-0: Ball
2-0: Called Strike
2-1: Called Strike
2-2: Ground out 5-3 (Groundball, 56S)
Bottom of the 3rd over - 1 run(s), 3 hit(s), 0 error(s), 2 left on base; Ft. Polk South 4 - Westwood 1
TOP OF THE 4TH
Ft. Polk South Thunder Hawks batting - Pitching for Westwood Sixshooters : RHP Tye Collyer
Batting: RHB David Phipps 0-0: Ball
1-0: Ball
2-0: Called Strike
2-1: Ball
3-1: Base on Balls
Batting: RHB Jim Unknown 0-0: Ball
1-0: Called Strike
1-1: Foul Ball, location: 2F
1-2: Foul Ball, location: 2F
1-2: Strikes out looking
Batting: RHB Pedro Méndez 0-0: Foul Ball, location: 2F
0-1: Ball
1-1: Fly out, F7 (Line Drive, 7)
Batting: RHB Jorge Flores 0-0: Ball
1-0: Ball
2-0: Ball
3-0: Called Strike
3-1: Foul Ball, location: 2F
3-2: Foul Ball, location: 2F
3-2: Strikes out swinging
Top of the 4th over - 0 run(s), 0 hit(s), 0 error(s), 1 left on base; Ft. Polk South 4 - Westwood 1
BOTTOM OF THE 4TH
Westwood Sixshooters batting - Pitching for Ft. Polk South Thunder Hawks : RHP Eduardo Romero
Batting: SHB Bob Rogers 0-0: Ball
1-0: SINGLE (Line Drive, 89S)
Batting: RHB Edgar González 0-0: Foul Ball, location: 2F
0-1: Ball
1-1: Fly out, F9 (Line Drive, 9)
Batting: RHB Winston Sparks 0-0: Ball
1-0: Foul Ball, location: 2F
1-1: Ball
2-1: Called Strike
2-2: Ball
3-2: Base on Balls
Bob Rogers to second
Batting: SHB Ramón García 0-0: Called Strike
0-1: Ball
1-1: Fielders Choice at 2nd, 3-6 (Groundball, 34)
Bob Rogers to third
Batting: RHB Nick Hoskins 0-0: Ball
1-0: SINGLE (Line Drive, 7LS)
Bob Rogers scores
Ramón García to second
Batting: RHB Jesús Vargas 0-0: Foul Ball, location: 2F
0-1: Ball
1-1: Ball
2-1: Ball
3-1: Base on Balls
Ramón García to third
Nick Hoskins to second
Batting: LHB José Barrón 0-0: Ground out 1-3 (Groundball, P)
Bottom of the 4th over - 1 run(s), 2 hit(s), 0 error(s), 3 left on base; Ft. Polk South 4 - Westwood 2
TOP OF THE 5TH
Ft. Polk South Thunder Hawks batting - Pitching for Westwood Sixshooters : RHP Tye Collyer
Pitching: LHP Gabriel Turner
Batting: RHB Augusto Escobar 0-0: Ball
1-0: Swinging Strike
1-1: Ball
2-1: Called Strike
2-2: Ball
3-2: Strikes out looking
Batting: RHB Peter Agulera 0-0: Foul Ball, location: 2F
0-1: Foul Ball, location: 2F
0-2: Ground out 6-3 (Groundball, 6)
Batting: RHB José Morín 0-0: Ball
1-0: Called Strike
1-1: Ground out 4-3 (Groundball, 4)
Top of the 5th over - 0 run(s), 0 hit(s), 0 error(s), 0 left on base; Ft. Polk South 4 - Westwood 2
BOTTOM OF THE 5TH
Westwood Sixshooters batting - Pitching for Ft. Polk South Thunder Hawks : RHP Eduardo Romero
Batting: RHB José Carlos Pérez 0-0: Called Strike
0-1: Ground out 1-3 (Groundball, P)
Batting: RHB Mark Bishop 0-0: Ball
1-0: Called Strike
1-1: Foul Ball, location: 2F
1-2: Ball
2-2: Foul Ball, location: 2F
2-2: Foul Ball, location: 2F
2-2: Ball
3-2: Base on Balls
Pitching: RHP Louis McDowell
Batting: SHB Bob Rogers 0-0: DOUBLE (Line Drive, 89XD)
Mark Bishop to third
Batting: RHB Edgar González 0-0: SINGLE (Groundball, 56D)
Mark Bishop scores
Bob Rogers to third
Runner from 3rd tries for Home, SAFE, throw made home
Edgar González to second
Batting: RHB Winston Sparks 0-0: Intentional Walk
Batting: SHB Ramón García 0-0: Swinging Strike
0-1: Grounds out, U3 (Groundball, 3L)
Edgar González to third
Batting: RHB Nick Hoskins 0-0: Ball
1-0: Fly out, F9 (Flyball, 9LMF)
Bottom of the 5th over - 2 run(s), 2 hit(s), 0 error(s), 2 left on base; Ft. Polk South 4 - Westwood 4
TOP OF THE 6TH
Ft. Polk South Thunder Hawks batting - Pitching for Westwood Sixshooters : LHP Gabriel Turner
Batting: RHB Fernando Pérez 0-0: Called Strike
0-1: Swinging Strike
0-2: Ground out 5-3 (Groundball, 56)
Batting: RHB Sacha Nieuwenburg 0-0: Fly out, F4 (Popup, 4D)
Batting: RHB David Phipps 0-0: SINGLE (Flyball, 7S)
Batting: RHB Jim Unknown 0-0: Foul Ball, location: 2F
0-1: Ball
1-1: Ball
2-1: Fly out, F7 (Flyball, 7)
Top of the 6th over - 0 run(s), 1 hit(s), 0 error(s), 1 left on base; Ft. Polk South 4 - Westwood 4
BOTTOM OF THE 6TH
Westwood Sixshooters batting - Pitching for Ft. Polk South Thunder Hawks : RHP Louis McDowell
Batting: RHB Jesús Vargas 0-0: Called Strike
0-1: Swinging Strike
0-2: Ball
1-2: Strikes out swinging
Batting: LHB José Barrón 0-0: Called Strike
0-1: Ball
1-1: Foul Ball, location: 2F
1-2: Ball
2-2: Strikes out swinging
Batting: RHB José Carlos Pérez 0-0: Swinging Strike
0-1: Ball
1-1: Swinging Strike
1-2: Strikes out looking
Bottom of the 6th over - 0 run(s), 0 hit(s), 0 error(s), 0 left on base; Ft. Polk South 4 - Westwood 4
TOP OF THE 7TH
Ft. Polk South Thunder Hawks batting - Pitching for Westwood Sixshooters : LHP Gabriel Turner
Batting: RHB Pedro Méndez 0-0: Ground out 1-3 (Groundball, 13)
Batting: RHB Jorge Flores 0-0: Ball
1-0: Foul Ball, location: 2F
1-1: Ball
2-1: Ground out 5-3 (Groundball, 56)
Pinch Hitting: RHB Jesús Hernández 0-0: Ball
1-0: Ball
2-0: Foul Ball, location: 2F
2-1: Foul Ball, location: 2F
2-2: Fly out, F8 (Flyball, 8RM)
Top of the 7th over - 0 run(s), 0 hit(s), 0 error(s), 0 left on base; Ft. Polk South 4 - Westwood 4
BOTTOM OF THE 7TH
Westwood Sixshooters batting - Pitching for Ft. Polk South Thunder Hawks : RHP Louis McDowell
Now at 3B: Jesús Hernández
Pinch Hitting: RHB Nelson Abbey 0-0: Called Strike
0-1: Ball
1-1: Ball
2-1: Foul Ball, location: 2F
2-2: Strikes out looking
Batting: SHB Bob Rogers 0-0: Ball
1-0: Ball
2-0: Called Strike
2-1: Ball
3-1: Called Strike
3-2: Strikes out looking
Pinch Hitting: SHB Jesús Rodríguez 0-0: Swinging Strike
0-1: Foul Ball, location: 2F
0-2: Foul Ball, location: 2F
0-2: Ground out 3-1 (Groundball, 34)
Bottom of the 7th over - 0 run(s), 0 hit(s), 0 error(s), 0 left on base; Ft. Polk South 4 - Westwood 4
TOP OF THE 8TH
Ft. Polk South Thunder Hawks batting - Pitching for Westwood Sixshooters : LHP Gabriel Turner
Now at 1B: Jesús Rodríguez
Now at SS: Nelson Abbey
Batting: RHB Peter Agulera 0-0: Foul Ball, location: 2F
0-1: Foul Ball, location: 2F
0-2: Ball
1-2: Ground out 4-3 (Groundball, 4S)
Batting: RHB José Morín 0-0: Ball
1-0: Called Strike
1-1: Foul Ball, location: 2F
1-2: Ball
2-2: Ball
3-2: Strikes out swinging
Pinch Hitting: RHB Keith Bane 0-0: Called Strike
0-1: Ball
1-1: Ball
2-1: Foul Ball, location: 2F
2-2: Foul Ball, location: 2F
2-2: Ball
3-2: Foul Ball, location: 2F
3-2: Foul Ball, location: 2F
3-2: Base on Balls
Batting: RHB Sacha Nieuwenburg 0-0: Foul Ball, location: 2F
0-1: Ball
1-1: Swinging Strike
1-2: Ball
2-2: Ball
3-2: Foul Ball, location: 2F
3-2: Ground out 1-3 (Groundball, P)
Top of the 8th over - 0 run(s), 0 hit(s), 0 error(s), 1 left on base; Ft. Polk South 4 - Westwood 4
BOTTOM OF THE 8TH
Westwood Sixshooters batting - Pitching for Ft. Polk South Thunder Hawks : RHP Louis McDowell
Now in CF: Bill Peterson
Batting: RHB Winston Sparks 0-0: Foul Ball, location: 2F
0-1: Ball
1-1: Ball
2-1: Foul Ball, location: 2F
2-2: Ball
3-2: Fly out, F7 (Flyball, 7)
Batting: SHB Ramón García 0-0: Called Strike
0-1: Swinging Strike
0-2: Ball
1-2: Fly out, F4 (Flyball, 6MD)
Pinch Hitting: LHB Jim Unknown 0-0: Called Strike
0-1: Foul Ball, location: 2F
0-2: Strikes out swinging
Bottom of the 8th over - 0 run(s), 0 hit(s), 0 error(s), 0 left on base; Ft. Polk South 4 - Westwood 4
TOP OF THE 9TH
Ft. Polk South Thunder Hawks batting - Pitching for Westwood Sixshooters : LHP Gabriel Turner
Pitching: RHP Will Moore
Now in RF: Jim Unknown
Batting: RHB David Phipps 0-0: Ball
1-0: Swinging Strike
1-1: Ball
2-1: Foul Ball, location: 2F
2-2: Strikes out swinging
Batting: RHB Jim Unknown 0-0: Ball
1-0: SOLO HOME RUN (Line Drive, 7D), Distance : 377 ft
Batting: RHB Pedro Méndez 0-0: Ball
1-0: Called Strike
1-1: Ground out 6-3 (Groundball, 6)
Batting: RHB Jorge Flores 0-0: Foul Ball, location: 2F
0-1: DOUBLE (Flyball, 78M)
Pinch Hitting: LHB Jim Unknown 0-0: Called Strike
0-1: Swinging Strike
0-2: SINGLE (Line Drive, 5D)
Jorge Flores to third
Batting: RHB Peter Agulera 0-0: Ball
1-0: Fielders Choice at 2nd, 6-4 (Groundball, 6)
Top of the 9th over - 1 run(s), 3 hit(s), 0 error(s), 1 left on base; Ft. Polk South 5 - Westwood 4
BOTTOM OF THE 9TH
Westwood Sixshooters batting - Pitching for Ft. Polk South Thunder Hawks : RHP Louis McDowell
Pitching: RHP Gil Reeves
Now in RF: Jim Unknown
Batting: RHB Jesús Vargas 0-0: Ball
1-0: Ball
2-0: Ball
3-0: Base on Balls
Batting: LHB José Barrón 0-0: Bunted foul
0-1: Bunt missed!
0-2: Ball
1-2: Fly out, F4 (Line Drive, 4M)
Batting: RHB José Carlos Pérez 0-0: Called Strike
0-1: SINGLE (Groundball, 56D)
Jesús Vargas to second
Batting: RHB Nelson Abbey 0-0: Called Strike
0-1: Ball
1-1: Ball
2-1: Swinging Strike
2-2: Foul Ball, location: 2F
2-2: Foul Ball, location: 2F
2-2: Ball
3-2: Foul Ball, location: 2F
3-2: Fly out, F7 (Flyball, 7)
Batting: SHB Bob Rogers 0-0: Swinging Strike
0-1: Ball
1-1: Foul Ball, location: 2F
1-2: Strikes out swinging
Bottom of the 9th over - 0 run(s), 1 hit(s), 0 error(s), 2 left on base; Ft. Polk South 5 - Westwood 4
Monday, March 20th, 2017 - OOTP Baseball 17.12 Build 75